 Dungeon Sprint DCSS version 0.21.2-1-g0862bd23eb (webtiles) character file.

2 alasdair19 the Covered (level 1, -9/20 HPs)
             Began as a Minotaur Fighter on Jan 24, 2022.
             Mangled by a large abomination (29 damage)
             ... in the Dungeon (Sprint V: "Ziggurat Sprint").
             The game lasted 00:01:19 (119 turns).

alasdair19 the Covered (Minotaur Fighter)            Turns: 119, Time: 00:01:19

Health: -9/20      AC: 19    Str: 20    XL:     1   Next: 25%
Magic:  0/0        EV:  0    Int:  5    God:
Gold:   0          SH:  9    Dex:  9    Spells: 0/0 levels left

rFire    + . .     SeeInvis .   w - +5 quick blade
rCold    + . .     Gourm    .   c - +0 shield
rNeg     . . .     Faith    .   A - +5 gold dragon scales
rPois    +         Spirit   .   (helmet restricted)
rElec    .         Reflect  .   (no cloak)
rCorr    .         Harm     .   (no gloves)
MR       .....     NoTele   +   (no boots)
Stlth    ..........             (no amulet)
HPRegen  0.06/turn              (no ring)
MPRegen  0.07/turn              (no ring)

@: no status effects
A: retaliatory headbutt, horns 2
a: no special abilities


You were in the Dungeon.
You were not hungry.

You visited 1 branch

Inventory:

Hand Weapons
 a - a +0 rapier
 w - a +5 quick blade (weapon)
Armour
 b - a +0 scale mail
 c - a +0 shield (worn)
 A - +5 gold dragon scales (worn)
Wands
 x - a wand of disintegration (7)
 y - a wand of iceblast (7)
 z - a wand of acid (7)
Scrolls
 k - 4 scrolls of blinking
 q - 4 scrolls of amnesia
 r - 7 scrolls of fog
 s - a scroll of holy word
 t - 5 scrolls of identify
 u - 5 scrolls of remove curse
 v - 2 scrolls of fear
Potions
 d - 6 potions of might
 e - 10 potions of curing
 g - 10 potions of heal wounds
 h - 6 potions of haste
 i - 7 potions of magic
 j - 3 potions of berserk rage
 l - 2 potions of brilliance
 m - 2 potions of invisibility
 n - 4 potions of resistance
 o - a potion of experience
 p - 5 potions of agility
Comestibles
 f - 7 rations


   Skills:
 + Level 4.0 Fighting
 + Level 2.3 Short Blades
 + Level 4.0 Armour
 + Level 3.9 Shields


You couldn't memorise any spells.
You didn't know any spells.

Dungeon Overview and Level Annotations

Branches:
Dungeon (1/1)

Altars:
Ashenzari
Cheibriados
Dithmenos
Elyvilon
Fedhas
Gozag
Hepliaklqana
Kikubaaqudgha
Makhleb
Nemelex Xobeh
Okawaru
Qazlal
Ru
Sif Muna
Trog
Uskayaw
Vehumet
Wu Jian
Xom
Yredelemnul
Zin
The Shining One
Beogh
Jiyva
Lugonu

Annotations:
D 1 transporter


Innate Abilities, Weirdness & Mutations

You reflexively headbutt those who attack you in melee.
You have a pair of horns on your head.


Message History

You hit the ball python.
You kill the ball python!
Your Fighting skill increases to level 4!
Your Armour skill increases to level 4!
You see here a ball python corpse.
You see here a +3 ring mail of cold resistance.
You see here an uncursed staff of air.
There is a transporter here.
Welcome to arena 2.
You enter the transporter and appear at another place.
A quasit, a shadow imp and a large abomination come into view.
The shadow imp shouts, "Slither away, thou skyhacking pigeon-egg guttersnipe!"
Found three items.
Found a transporter.
The quasit bites you but does no damage.
The quasit claws you but does no damage. x2
You hit the large abomination.
The large abomination is lightly damaged.
The large abomination hits you!!
Ouch! That really hurt!
You die...

▓▓▓▓▓▓▓▓▓▓▓▓▓
▓.8©8.▓.8©8.▓
▓.})).▓.....▓
▓.....▓.|.[.▓
▓.....▓.††..▓
▓..55X▓.....▓
▓...@.▓..©..▓
▓..©..▓▓▓▓▓▓▓
▓▓▓▓▓▓▓


You could see a large abomination, a quasit and a shadow imp.

Vanquished Creatures
  2 ball pythons (D)
2 creatures vanquished.

Notes
Turn   | Place    | Note
-------+----------+-------------------------------------------
     0 | D        | Found the +6 Majin-Bo {vamp, Archmagi MP+6 Int+6}
     0 | D        | Found the +7 great mace "Firestarter" {inner flame, rF++}
     0 | D        | alasdair19 the Minotaur Fighter began the quest for the Orb.
     0 | D        | Reached XP level 1. HP: 19/19 MP: 0/0
     1 | D        | Found a bloodstained altar of Trog.
     1 | D        | Found a deep blue altar of Sif Muna.
     1 | D        | Found a sacrificial altar of Ru.
     1 | D        | Found a stormy altar of Qazlal.
     1 | D        | Found an iron altar of Okawaru.
     3 | D        | Found a sparkling altar of Nemelex Xobeh.
     3 | D        | Found a blossoming altar of Fedhas.
     7 | D        | Found a transporter.
     7 | D        | Found an ancient bone altar of Kikubaaqudgha.
     7 | D        | Found a viscous altar of Jiyva.
     7 | D        | Found a corrupted altar of Lugonu.
     7 | D        | Found a hazy altar of Hepliaklqana.
     7 | D        | Found a burning altar of Makhleb.
     7 | D        | Found an opulent altar of Gozag.
    74 | D        | Found the +6 shillelagh "Devastator" {shatter}
    74 | D        | Found the +11 plutonium sword {*Contam Stlth-}
    74 | D        | Found the +8 lance "Wyrmbane" {slay drac, rPois rF+ rC+ AC+3}
    74 | D        | Found the +9 sword of Zonguldrok {reap}
    74 | D        | Found the cursed +13 scythe of Curses {drain, *Curse}
    74 | D        | Found the +0 sword of Power
    74 | D        | Found the +11 mace of Variability {chaos}
    74 | D        | Found the +7 Singing Sword
    74 | D        | Found the +7 longbow "Piercer" {penet, EV-2}
    79 | D        | Found the +9 heavy crossbow "Sniper" {velocity, Acc+∞ SInv}
    79 | D        | Found the +10 dark maul {crush}
    79 | D        | Found the +15 Maxwell's patent armour {-Cast -Tele rElec MR+ rCorr}
    79 | D        | Found the +18 shield of the Gong {rElec rN+ MR+ EV-5}
    79 | D        | Found the cursed +14 obsidian axe {chop, +Fly SInv *Curse}
   104 | D        | Entered arena 2.
   104 | D        | Found a transporter.
   116 | D        | Entered arena 3.
   116 | D        | Noticed a quasit
   116 | D        | Noticed a large abomination
   116 | D        | Found a transporter.
   119 | D        | Mangled by a large abomination

Skill      XL: |  1 |
---------------+----+-----
Fighting       | 4 |  4.0
Armour         | 4 |  4.0
Short Blades   | |  2.3
Shields        | |  3.9

Action                   || total
-------------------------++-------
Melee: Quick blade       ||     3
Armor: Gold dragon scale ||     6
Dodge: Dodged            ||     1
Block: Shield            ||     2
